 Dungeon Crawl Stone Soup version 0.28-a0-655-g4eb62b627b (webtiles) character file.

Game seed: 3097504514570173144

1015 Irenicus the Geomancer (level 8, 0/62 HPs)
             Began as a Deep Dwarf Earth Elementalist on Oct 12, 2021.
             Slain by a wyvern (13 damage)
             ... on level 4 of the Dungeon.
             The game lasted 00:14:44 (2098 turns).

Irenicus the Geomancer (DDEE)                       Turns: 2098, Time: 00:14:45

Health: 0/62       AC:  7    Str: 12    XL:     8   Next: 1%
Magic:  0/1 (10)   EV: 16    Int: 18    God:
Gold:   159        SH:  0    Dex: 13    Spells: 4/10 levels left

rFire   . . .      SeeInvis .   o - +9 mace of Ecisk {venom, rElec rPois rN+++ MP-9}
rCold   . . .      Faith    .   (no shield)
rNeg    + + +      Spirit   .   d - +0 leather armour
rPois   +          Reflect  .   (no helmet)
rElec   +          Harm     .   l - +1 cloak
rCorr   .          Rampage  .   i - +0 pair of gloves
Will    +....                   g - +0 pair of boots
Stlth   ++........              (no amulet)
HPRegen 0.00/turn               E - +4 ring of evasion
MPRegen 0.07/turn               (no ring)

@: no status effects
A: damage resistance, heal wounds, sense surroundings 1, no regeneration
a: Heal Wounds


You were on level 4 of the Dungeon.
You visited 1 branch of the dungeon, and saw 7 of its levels.

You collected 159 gold pieces.


Innate Abilities, Weirdness & Mutations

You are resistant to damage.
You can heal yourself by infusing magical energy.
You passively map a small area around you.
You do not regenerate.


   Skills:
 - Level 2.1 Dodging
 - Level 2.4 Stealth
 - Level 1.7 Spellcasting
 - Level 0.8 Transmutations
 + Level 12.6 Earth Magic


You had 4 spell levels left.
You knew the following spells:

 Your Spells              Type           Power      Damage    Failure   Level
t - Stone Arrow           Conj/Erth      48%        3d10      5%          3
w - Passwall              Tmut/Erth      20%        N/A       2%          2
z - Sandblast             Erth           94%        2d19      1%          1

Your spell library contained the following spells:

 Spells                   Type           Power      Damage    Failure   Level
 Petrify                  Tmut/Erth      25%        N/A       14%         4
 Ozocubu's Armour         Ice            1%         N/A       56%         3
 Metabolic Englaciation   Hex/Ice        0%         N/A       100%        5
 Simulacrum               Ice/Necr       0%         N/A       100%        6

Inventory:

Hand Weapons
 a - a +0 vorpal dagger
 b - a +2 dagger of draining
 o - the +9 mace of Ecisk (weapon) {venom, rElec rPois rN+++ MP-9}
   (You found it on level 6 of the Dungeon)

   It poisons the flesh of those it strikes.
   rElec:     It insulates you from electricity.
   rPois:     It protects you from poison.
   rN:        It renders you almost immune to negative energy.
   MP:        It affects your magic capacity (-9).
Missiles
 c - 20 stones
 h - 29 poisoned darts
Armour
 d - a +0 leather armour (worn)
 g - a +0 pair of boots (worn)
 i - a +0 pair of gloves (worn)
 l - a +1 cloak (worn)
Jewellery
 E - a +4 ring of evasion (left hand)
Wands
 e - a wand of flame (21)
 k - a wand of mindburst (10)
 m - a wand of digging (4)
Scrolls
 q - a scroll of blinking {unknown}
 r - a scroll of enchant weapon {unknown}
Potions
 f - 2 potions of brilliance
 j - a potion of invisibility
 n - 2 potions of flight
 p - a potion of magic {unknown}
 s - a potion of degeneration {unknown}
 t - a potion of heal wounds {unknown}

Dungeon Overview and Level Annotations

Branches:
Dungeon (7/15)
 Temple: D:4-7

Altars:
Gozag
Kikubaaqudgha
Okawaru
Sif Muna
Wu Jian

######### *
#.......# ,
*
.**#.......#
, ,
#.##....(..#
.........#
#.......# ,
#...l...#
#...@...# +
####.#### *
##># ,
,▒##..# . ,
,, ▒.#.## .
, ▒...# +
,,▒...# + ,
▒...# , ,* ,
▒.###


You could see a wyvern (extremely poisoned).


Message History

There is a stone staircase leading down here.
A wyvern comes into view.
The wyvern hisses angrily.
Casting: Stone Arrow (dangerous; 5% risk of failure)
Confirm with . or Enter, or press ? or * to list all spells.
Aiming: Sandblast (safe; 1% risk of failure)
Press: ? - help, Shift-Dir - straight line, f - wyvern
Aim: a wyvern (83% to hit)
The blast of sand hits the wyvern but does no damage.
The wyvern bites you.
You barely miss the wyvern. The wyvern barely misses you.
The wyvern hisses menacingly.
The wyvern bites you.
You sock the wyvern!
The wyvern is poisoned.
The wyvern is heavily wounded.
The wyvern bites you.
The wyvern bites you but does no damage.
You hit the wyvern.
The wyvern looks as sick as possible!
The wyvern is heavily wounded.
The wyvern bites you!
* * * LOW HITPOINT WARNING * * *
The wyvern barely misses you.
You hit the wyvern.
The wyvern looks as sick as possible!
The wyvern is severely wounded.
The wyvern bites you. The wyvern bites you!
* * * LOW HITPOINT WARNING * * *
You hit the wyvern.
The wyvern looks as sick as possible!
The wyvern is severely wounded.
The wyvern bites you!
You die...

Skill      XL: |  1  2  3  4  5  6  7 |
---------------+----------------------+-----
Earth Magic    | 5 6 7 9 10 12 | 12.6
Dodging        | |  2.1
Stealth        | |  2.4
Spellcasting   | |  1.7
Transmutations | |  0.8

Action                   |  1- 3 |  4- 6 |  7- 9 || total
-------------------------+-------+-------+-------++-------
Melee: Unarmed           |     7 |       |       ||     7
       Dagger            |    24 |    11 |    16 ||    51
       Mace              |       |       |    47 ||    47
 Cast: Sandblast         |    36 |    44 |    12 ||    92
       Passwall          |     1 |       |       ||     1
       Stone Arrow       |       |       |     3 ||     3
 Abil: Heal Wounds       |       |       |     1 ||     1
  Use: Scroll            |       |     6 |     1 ||     7
       Potion            |       |       |     1 ||     1
 Stab: Sleeping          |     4 |     1 |     2 ||     7
Armor: Robe              |     5 |       |       ||     5
       Leather armour    |    17 |     1 |    14 ||    32
Dodge: Dodged            |    34 |    22 |    63 ||   119

Levels and vault maps discovered:
D:1:      evilmike_arrival_plus, layout_loops_ring, st_stairs_4
D:2:      layout_loops_ring
D:3:      layout_loops_ring, mainiacjoe_overflow_surrounded_room,
          ebering_ecumenical_altar_rust, grunt_ministairs_8, uniq_ijyb
D:4:      layout_loops_corners, minmay_temple_entry_mini_moons,
          gammafunk_ghost_necromancy
D:5:      layout_loops_corners, okawaru_gym_becter, nzn_wu_jian_council_hall,
          mainiacjoe_overflow_tiny_flanked, serial_bayou, serial_bayou_ford_a,
          serial_bayou_crossing, serial_bayou_shore_b, serial_bayou_pond_c,
          serial_bayou_pond_e, serial_bayou_lagoon_a
D:6:      layout_basic, kiku_gazebo_garden_becter, grunt_gozag_breadcrumbs,
          lightli_minifort, uniq_crazy_yiuf_cottage
D:7:      layout_cave_pools, gammafunk_ghost_cemetery, eino_jars

Notes
Turn   | Place    | Note
-------+----------+-------------------------------------------
     0 | D:1      | Irenicus the Deep Dwarf Earth Elementalist began the quest
                  | for the Orb.
     0 | D:1      | Reached XP level 1. HP: 15/15 MP: 3/3
   119 | D:1      | Reached XP level 2. HP: 19/22 MP: 2/4
   200 | D:1      | Reached skill level 5 in Earth Magic
   399 | D:1      | Reached XP level 3. HP: 20/28 MP: 0/5
   506 | D:1      | Learned a level 2 spell: Passwall
   623 | D:3      | Noticed Ijyb
   631 | D:3      | Killed Ijyb
   632 | D:3      | Reached skill level 6 in Earth Magic
   732 | D:2      | Reached XP level 4. HP: 22/36 MP: 3/6
  1019 | D:3      | You fall into a shaft and drop 3 floors!
  1027 | D:6      | Reached skill level 7 in Earth Magic
  1027 | D:6      | Reached XP level 5. HP: 23/42 MP: 3/7
  1033 | D:6      | Reached skill level 8 in Earth Magic
  1073 | D:6      | Found an ancient bone altar of Kikubaaqudgha.
  1153 | D:6      | Found an opulent altar of Gozag.
  1197 | D:6      | Noticed a black bear
  1204 | D:6      | Killed a black bear
  1205 | D:6      | Reached skill level 9 in Earth Magic
  1205 | D:6      | Reached XP level 6. HP: 27/49 MP: 3/8
  1215 | D:6      | Found a runed translucent door.
  1216 | D:6      | Noticed Crazy Yiuf
  1222 | D:6      | Killed Crazy Yiuf
  1232 | D:6      | Identified the +9 mace of Ecisk {venom, rElec rPois rN+++
                  | MP-9}
  1281 | D:6      | Reached skill level 10 in Earth Magic
  1286 | D:6      | Noticed an orc warrior
  1318 | D:6      | Reached XP level 7. HP: 25/55 MP: 2/9
  1358 | D:6      | Reached skill level 11 in Earth Magic
  1429 | D:5      | Entered Level 5 of the Dungeon
  1544 | D:4      | Learned a level 3 spell: Stone Arrow
  1833 | D:5      | Found a shimmering blue altar of Sif Muna.
  1847 | D:5      | Found an ornate altar of the Wu Jian Council.
  1871 | D:5      | Reached skill level 12 in Earth Magic
  2021 | D:5      | Found an iron altar of Okawaru.
  2070 | D:5      | Reached XP level 8. HP: 36/62 MP: 1/10
  2098 | D:4      | Slain by a wyvern

Vanquished Creatures
  An orc warrior (D:6)
  2 black bears (D:6)
  A necrophage (D:5)
  A phantom (D:5)
  A wyvern zombie (D:6)
  A wyvern skeleton (D:6)
  A water moccasin skeleton (D:4)
  2 hounds
  A bullfrog skeleton (D:5)
  A centaur skeleton (D:6)
  2 orc priests (D:6)
  Crazy Yiuf (D:6)
  Ijyb (D:3)
  An iguana (D:5)
  3 orc wizards (D:6)
  2 adders
  A worm (D:2)
  3 dart slugs
  8 orcs (D:6)
  3 ball pythons
  8 endoplasms
  2 giant cockroaches (D:2)
  4 goblins (D:1)
  10 hobgoblins
  3 jackals (D:5)
  2 quokkas (D:5)
  6 bats
  6 frilled lizards
  6 kobolds
  2 rats
86 creatures vanquished.

Vanquished Creatures (others)
  A plant (D:5)
1 creature vanquished.

Grand Total: 87 creatures vanquished

Table legend: (Time is in decaauts)
 A = Elapsed time spent in this place.
 B = Non-inter-level travel time spent in this place.
 C = Inter-level travel time spent in this place.
 D = Time resting spent in this place.
 E = Time spent auto-exploring this place.
 F = Levels seen in this place.
 G = Mean time per level.
                   A        B        C        D        E       F      G
               +--------+--------+--------+--------+--------+-----+--------+
         Total |   2124 |   2108 |     16 |      0 |      0 |   7 |  303.4 |
       Dungeon |   2124 |   2108 |     16 |      0 |      0 |   7 |  303.4 |
               +--------+--------+--------+--------+--------+-----+--------+

Top non-repeatable levels by time:
     D:1: 509 daAuts
     D:2: 466 daAuts
     D:6: 389 daAuts
     D:5: 376 daAuts
     D:4: 314 daAuts
     D:3: 47 daAuts
     D:7: 19 daAuts

Table legend:
 A = Non-vault XP
 B = Vault XP
 C = Vault XP percentage of total XP
 D = Non-vault monster count
 E = Vault monster count
 F = Vault count percentage of total count
                 A         B        C        D         E       F
            +---------+---------+-------+---------+---------+-------
      Total |    1157 |     294 |  20.3 |      77 |       9 |  10.5
            +---------+---------+-------+---------+---------+-------
        D:1 |      40 |       4 |   9.1 |      23 |       2 |   8.0
        D:2 |      45 |       0 |   0.0 |      20 |       0 |   0.0
        D:3 |       1 |      39 |  97.5 |       1 |       1 |  50.0
        D:4 |     115 |       0 |   0.0 |       7 |       0 |   0.0
        D:5 |     310 |       0 |   0.0 |      10 |       0 |   0.0
        D:6 |     646 |     251 |  28.0 |      16 |       6 |  27.3
            +---------+---------+-------+---------+---------+-------
